[Event "EDAMI"]
[Site "Internet Chess Club"]
[Date "2020.03.28"]
[Round "2"]
[White "EnautG"]
[Black "leonardogila"]
[Result "1-0"]
[ICCResult "Black checkmated"]
[WhiteElo "1319"]
[BlackElo "1253"]
[Opening "Three knights game"]
[ECO "C46"]
[NIC "KP.06"]
[Time "13:20:10"]
[TimeControl "300+3"]

1. e4 e5 2. Nf3 Nc6 3. Nc3 Bc5 4. Bd3 Nf6 5. Bc4 d6 6. d3 Bg4 7. Bg5 O-O 8.
Nd5 Bb4+ 9. c3 Bc5 10. h3 Bh5 11. Bb5 Qe8 12. Qb3 Rd8 13. Bxc6 Qxc6 14.
Nxf6+ gxf6 15. Bxf6 Rde8 16. Ng5 Qd7 17. O-O c6 18. g4 Bxg4 19. hxg4 Qxg4+
20. Kh1 Qh4+ 21. Kg1 Qg3+ 22. Kh1 Qh4+ 23. Kg1 Qg3+ 24. Kh1 Qh4+ 25. Kg1 Re6
26. Nxf7 Rxf7 27. Bxh4 Rg7+ 28. Bg3 Kh8 29. Qxe6 Rxg3+ 30. Kh2 Rg5 31. Rg1
Bxf2 32. Rxg5 h6 33. Qg8# {Black checkmated} 1-0

[Event "EDAMI"]
[Site "Internet Chess Club"]
[Date "2020.03.28"]
[Round "2"]
[White "BlackHole137"]
[Black "Alberto555"]
[Result "0-1"]
[ICCResult "White resigns"]
[WhiteElo "1176"]
[BlackElo "1350"]
[Opening "Philidor's defense"]
[ECO "C41"]
[NIC "KP.10"]
[Time "13:19:59"]
[TimeControl "300+3"]

1. e4 e5 2. Nf3 d6 3. Bc4 Be7 4. a3 Nf6 5. d3 O-O 6. Nbd2 Be6 7. Ba2 c6 8.
Nf1 Nbd7 9. Ng3 Bxa2 10. Rxa2 d5 11. O-O Bd6 12. Ra1 Nc5 13. Re1 Bc7 14. Nh4
dxe4 15. dxe4 Qxd1 16. Rxd1 Ncxe4 17. Nxe4 Nxe4 18. Nf5 Rad8 19. Be3 Rxd1+
20. Rxd1 Rd8 21. Rxd8+ Bxd8 22. Bxa7 b6 23. Bb8 f6 24. f3 Nd2 25. a4 b5 26.
axb5 cxb5 27. b4 e4 28. fxe4 Nxe4 29. Nd6 Nxd6 30. Bxd6 Kf7 31. c3 Ke6 32.
Bf4 g5 33. Bd2 Bb6+ 34. Kf1 Kd5 35. Ke2 Ke4 36. g4 h6 37. h3 Ba7 38. c4 bxc4
39. b5 Bb6 40. Bc3 Kf4 41. Kd2 Kg3 42. Bxf6 Kxh3 43. Bxg5 hxg5 44. Kc3 Kxg4
45. Kxc4 Kf3 46. Kd5 g4 47. Kc6 Be3 48. b6 Bxb6 49. Kxb6 g3 {White resigns}
0-1

[Event "EDAMI"]
[Site "Internet Chess Club"]
[Date "2020.03.28"]
[Round "2"]
[White "Jultxan"]
[Black "Alexelnub"]
[Result "1/2-1/2"]
[ICCResult "Game drawn by mutual agreement"]
[WhiteElo "1171"]
[BlackElo "1072"]
[Opening "French defense"]
[ECO "C00"]
[NIC "FR.01"]
[Time "13:20:03"]
[TimeControl "300+3"]

1. e4 e6 2. Nc3 d6 3. Nf3 Nc6 4. Bb5 a6 5. Bxc6+ bxc6 6. d4 c5 7. dxc5 dxc5
8. Bg5 f6 9. Be3 f5 10. exf5 exf5 11. Bg5 Be7 12. Bxe7 Qxe7+ 13. Qe2 Qxe2+
14. Nxe2 Nf6 15. Nc3 Nh5 16. h3 g5 17. g4 Ng7 18. gxf5 Nxf5 19. Nxg5 Nd6 20.
Rd1 Bb7 21. b3 Bxh1 22. Ke2 Bc6 23. f4 Nf7 24. Nxf7 Kxf7 25. Rd2 Rad8 26.
Rxd8 Rxd8 27. f5 a5 28. a4 Kf6 29. h4 Kxf5 30. Ke3 Re8+ 31. Kd3 Rd8+ 32. Kc4
Be8 33. Na2 Rd7 34. Kxc5 Ke6 35. Kc6 Ke5 36. b4 axb4 37. Nxb4 Kd4 38. a5 Kc4
39. Na6 Kd4 40. Nxc7 Re7+ 41. Kb6 Kc3 {Game drawn by mutual agreement}
1/2-1/2

[Event "EDAMI"]
[Site "Internet Chess Club"]
[Date "2020.03.28"]
[Round "2"]
[White "JordiPro"]
[Black "tomasgarrido"]
[Result "0-1"]
[ICCResult "White forfeits on time"]
[WhiteElo "1133"]
[BlackElo "1256"]
[Opening "King's pawn game"]
[ECO "C20"]
[NIC "KP.10"]
[Time "13:20:21"]
[TimeControl "300+3"]

1. e4 e5 2. Bb5 c6 3. Bc4 Nf6 4. Nf3 Bd6 5. O-O Nxe4 6. d3 Nc5 7. Bg5 f6 8.
Bh4 e4 9. Nd4 exd3 10. cxd3 Qe7 11. Re1 Bxh2+ 12. Kxh2 Qe5+ 13. Rxe5+ fxe5
14. Nf5 d5 15. Nxg7+ Kf8 16. Bf6 dxc4 17. dxc4 Ncd7 18. Qd6+ Kf7 19. Qe7+
Kg6 20. Nc3 Nf8 21. Ne4 Nbd7 22. Bxe5 Nxe5 23. Qxe5 Nd7 24. Qd4 c5 25. Qc3
b6 26. Ng3 Re8 27. Rd1 b5 28. cxb5 a6 29. Nxe8 axb5 {White forfeits on time}
0-1

[Event "EDAMI"]
[Site "Internet Chess Club"]
[Date "2020.03.28"]
[Round "2"]
[White "liveisgood"]
[Black "JORDISOLEGRAUS"]
[Result "0-1"]
[ICCResult "White forfeits on time"]
[WhiteElo "1193"]
[BlackElo "1291"]
[Opening "Four knights: Italian variation"]
[ECO "C47"]
[NIC "KP.06"]
[Time "13:20:04"]
[TimeControl "300+3"]

1. e4 e5 2. Nf3 Nc6 3. Nc3 Nf6 4. Bc4 d6 5. d3 Ng4 6. O-O Nb4 7. Bg5 f6 8.
Bh4 d5 9. Bxd5 Nxd5 10. exd5 g5 11. Bg3 Bc5 12. d4 exd4 13. Qe1+ Ne5 14. Na4
b6 15. Rd1 Ba6 16. c4 Be7 17. Rxd4 Ng4 18. Rxg4 Qd7 19. Re4 f5 20. Re5 Bxc4
21. Nd4 Bxf1 22. Qxf1 Qxa4 23. Qe1 Qd7 24. Nxf5 Rf8 25. Rxe7+ Qxe7 26. Nxe7
Kd8 27. Nc6+ Kc8 28. Qe6+ Kb7 {White forfeits on time} 0-1

[Event "EDAMI"]
[Site "Internet Chess Club"]
[Date "2020.03.28"]
[Round "2"]
[White "BielPipo"]
[Black "MIQUELSOLEGRAUS"]
[Result "1-0"]
[ICCResult "Black checkmated"]
[WhiteElo "1087"]
[BlackElo "1091"]
[Opening "King's knight opening"]
[ECO "C40"]
[NIC "KP.10"]
[Time "13:20:09"]
[TimeControl "300+3"]

1. e4 e5 2. Nf3 Bb4 3. c3 Bc5 4. b4 Bb6 5. Nxe5 Qh4 6. g3 Qxe4+ 7. Qe2 Qxh1
8. Nf3+ Kf8 9. Na3 d6 10. Nc4 Bh3 11. Nxb6 cxb6 12. d3 Nc6 13. Bb2 Ne5 14.
Kd2 Nxf3+ 15. Ke3 Qxh2 16. Bxh3 Qxh3 17. Qxf3 Qh6+ 18. Ke2 Re8+ 19. Kf1 Qh3+
20. Qg2 Qe6 21. Kg1 Qe5 22. Rf1 Qh5 23. f3 Nf6 24. g4 Qh6 25. g5 Qh5 26.
gxf6 gxf6 27. Kf2 Qh4+ 28. Qg3 Qh6 29. Qxd6+ Kg7 30. Rg1+ Qg6 31. Rxg6+ Kxg6
32. Qg3+ Kf5 33. c4 Rhg8 34. Qh3+ Kg6 35. f4 Re7 36. Qg3+ Kf5 37. Qxg8 Kxf4
38. Qxh7 Re3 39. Qh2+ Kf5 40. Kxe3 Kg4 41. Qf2 f5 42. d4 f4+ 43. Kd2 f3 44.
d5 Kf5 45. d6 Ke6 46. Qxf3 Kxd6 47. Qxb7 f6 48. Bxf6 Ke6 49. Bc3 Kf5 50.
Qxa7 Kg4 51. Qxb6 Kg3 52. c5 Kf4 53. c6 Kf5 54. c7 Kg5 55. c8=Q Kh5 56. Qg8
Kh4 57. Qh6# {Black checkmated} 1-0

[Event "EDAMI"]
[Site "Internet Chess Club"]
[Date "2020.03.28"]
[Round "2"]
[White "morgana1965"]
[Black "Arriazu96"]
[Result "1-0"]
[ICCResult "Black forfeits on time"]
[WhiteElo "1542"]
[BlackElo "1252"]
[Opening "English opening"]
[ECO "A20"]
[NIC "EO.24"]
[Time "13:20:01"]
[TimeControl "300+3"]

1. c4 e5 2. g3 Nc6 3. Bg2 Nf6 4. Nc3 Bc5 5. Nf3 O-O 6. O-O d6 7. e3 Be6 8.
b3 e4 9. Ng5 Re8 10. Ngxe4 Nxe4 11. Nxe4 Bb6 12. Bb2 f6 13. a3 a5 14. Rc1
Rb8 15. d4 d5 16. c5 Ba7 17. Nc3 Ne7 18. Nb5 Ra8 19. Nxa7 Rxa7 20. Bc3 b6
21. cxb6 cxb6 22. Qh5 Rf8 23. f4 Nf5 24. Bh3 g6 25. Qf3 Qd6 26. Bxf5 Bxf5
27. b4 Rd8 28. Bd2 axb4 29. Bxb4 Qe6 30. Rc3 Rad7 31. Rfc1 Qe8 32. Rc6 Rd6
33. Bxd6 Rxd6 34. Rxd6 {Black forfeits on time} 1-0

[Event "EDAMI"]
[Site "Internet Chess Club"]
[Date "2020.03.28"]
[Round "2"]
[White "PedreteBcn"]
[Black "irojassu"]
[Result "1-0"]
[ICCResult "Black checkmated"]
[WhiteElo "1256"]
[BlackElo "1145"]
[Opening "King's knight opening"]
[ECO "C40"]
[NIC "KP.10"]
[Time "13:20:02"]
[TimeControl "300+3"]

1. e4 e5 2. Nf3 Bc5 3. Bc4 d6 4. Ng5 f6 5. Nf7 Qd7 6. Nxh8 Nc6 7. c3 Nh6 8.
Qh5+ g6 9. Qxh6 Ke7 10. O-O a6 11. d3 b5 12. Qg7+ Kd8 13. Qf8+ Qe8 14. Qxf6+
Kd7 15. Qf7+ Kd8 16. Bg5+ Ne7 17. Qxe8+ Kxe8 18. Bf7+ Kd7 19. d4 Ba7 20. Bd5
c6 21. Bxe7 cxd5 22. Bg5 dxe4 23. dxe5 dxe5 24. Nd2 Bc5 25. Nf7 Ke8 26. Nxe5
h6 27. Bf6 g5 28. Nxe4 g4 29. Nxc5 g3 30. fxg3 a5 31. Rad1 Bf5 32. Rxf5 Kf8
33. Rd8+ Rxd8 34. Bxd8+ Ke8 35. Bxa5 Ke7 36. Bb4 Kd6 37. b3 Kd5 38. c4+ Kd4
39. cxb5 Kd5 40. b6 Kd6 41. b7 Kc7 42. Rf7+ Kd8 43. Ba5+ Ke8 44. b8=Q#
{Black checkmated}
1-0

[Event "EDAMI"]
[Site "Internet Chess Club"]
[Date "2020.03.28"]
[Round "2"]
[White "Torre027"]
[Black "CHANTAL10"]
[Result "0-1"]
[ICCResult "White checkmated"]
[WhiteElo "1277"]
[BlackElo "1347"]
[Opening "Four knights: Italian variation"]
[ECO "C47"]
[NIC "KP.06"]
[Time "13:20:04"]
[TimeControl "300+3"]

1. e4 e5 2. Nf3 Nc6 3. Nc3 Nf6 4. Bc4 d6 5. d3 Na5 6. O-O Bg4 7. h3 Bh5 8.
Bg5 Be7 9. Bh4 O-O 10. Ng5 Bxd1 11. Raxd1 Nxc4 12. dxc4 h6 13. Nf3 b6 14.
Bg3 Nh5 15. Bh2 Bf6 16. Nd2 Bg5 17. Nf3 Bf6 18. Nd5 Qd7 19. Nd2 Bg5 20. Nf3
Bf6 21. g4 Rae8 22. gxh5 Rd8 23. Rd3 c6 24. Nb4 c5 25. Na6 Qa4 26. Nc7 Qxa2
27. Nb5 Qxb2 28. Rd2 Rc8 29. Nxd6 Qa2 30. Rfd1 Rcd8 31. Nb7 Rc8 32. Nd6 Rc7
33. Nxe5 Bxe5 34. Nb5 Rcc8 35. Nxa7 Rc7 36. Rd8 Qxa7 37. Bxe5 Rxd8 38. Rxd8+
Kh7 39. Rd6 Qa1+ 40. Kg2 Ra7 41. Kg3 Qg1+ 42. Kf4 Qxf2+ 43. Kg4 Qxc2 44. Bf4
Qg2+ 45. Kf5 Qxh3+ 46. Ke5 Qxh5+ 47. Bg5 Qxg5# {White checkmated} 0-1

[Event "EDAMI"]
[Site "Internet Chess Club"]
[Date "2020.03.28"]
[Round "2"]
[White "Mark888"]
[Black "Dylan2008"]
[Result "0-1"]
[ICCResult "White checkmated"]
[WhiteElo "1150"]
[BlackElo "1481"]
[Opening "Van't Kruijs opening"]
[ECO "A00"]
[Time "13:20:01"]
[TimeControl "300+3"]

1. e3 e5 2. Qh5 Nc6 3. Bc4 g6 4. Qf3 Nh6 5. Nh3 d6 6. O-O Bg4 7. Qg3 Qd7 8.
Bb5 a6 9. Bxc6 bxc6 10. f3 Be6 11. f4 Bg7 12. d4 exd4 13. exd4 Bxd4+ 14. Be3
Bg7 15. Bd2 Rb8 16. Ng5 Bf5 17. Bc3 Bxc3 18. Qxc3 Rg8 19. Re1+ Be6 20. Nxe6
fxe6 21. Rxe6+ Qxe6 22. h3 Nf5 23. Na3 Rf8 24. Re1 Qxe1+ 25. Qxe1+ Kd7 26.
g4 Nd4 27. Qe4 Ne6 28. f5 gxf5 29. gxf5 Rg8+ 30. Kf1 Rbe8 31. fxe6+ Rxe6 32.
Qf3 Rgg6 33. Qf7+ Re7 34. Qf3 Rge6 35. Qg4 Rf7+ 36. Kg1 Ke7 37. Qg5+ Kd7 38.
Nc4 Rg6 39. Kh2 Rxg5 40. Ne3 Rf2+ 41. Ng2 Rgxg2+ 42. Kh1 Rh2+ 43. Kg1 Rfg2+
44. Kf1 Rxc2 45. Kg1 Rhd2 46. Kf1 Rd1# {White checkmated} 0-1

[Event "EDAMI"]
[Site "Internet Chess Club"]
[Date "2020.03.28"]
[Round "2"]
[White "FERNANDOA9"]
[Black "semaqui08"]
[Result "0-1"]
[ICCResult "White checkmated"]
[WhiteElo "1196"]
[BlackElo "1436"]
[Opening "Petrov three knights game"]
[ECO "C42"]
[NIC "RG.01"]
[Time "13:20:00"]
[TimeControl "300+3"]

1. e4 e5 2. Nf3 Nf6 3. Nc3 Bb4 4. Bc4 Nc6 5. O-O O-O 6. d3 h6 7. Be3 d6 8.
Qd2 Ng4 9. Rad1 Nxe3 10. Qxe3 Bg4 11. Nd5 Bc5 12. Qe2 Nd4 13. Rde1 Nxe2+ 14.
Rxe2 Bxf3 15. gxf3 c6 16. Nc3 b5 17. Bb3 a5 18. a3 a4 19. Ba2 Qg5+ 20. Kh1
Qf4 21. Kg2 g5 22. h3 h5 23. Rg1 g4 24. hxg4 hxg4 25. fxg4 Qxg4+ 26. Kh1
Qxg1+ 27. Kxg1 Kh8 28. Re1 f5 29. exf5 Rxf5 30. Re4 Bxf2+ 31. Kh1 Rh5+ 32.
Kg2 Rf8 33. Ne2 Rg5+ 34. Kf1 Bh4+ 35. Nf4 Rxf4+ 36. Rxf4 exf4 37. Ke2 Rg2+
38. Kf3 Rxc2 39. Be6 Rxb2 40. Kg4 Bf6 41. Kf5 Be5 42. Kg6 Rd2 43. Bf5 Rg2+
44. Kf7 Rg7+ 45. Kf8 Ra7 46. Bg6 Bg7+ 47. Ke8 Kg8 48. d4 Bxd4 49. Kd8 f3 50.
Bf5 f2 51. Bd3 Kf7 52. Kc8 Ke7 53. Kb8 Rd7 54. Kc8 d5 55. Kb8 Kd6 56. Kc8 c5
57. Kb8 Kc6 58. Kc8 Rd6 59. Kb8 Rd7 60. Ka8 Kb6 61. Kb8 Rd8# {White
checkmated} 0-1

[Event "EDAMI"]
[Site "Internet Chess Club"]
[Date "2020.03.28"]
[Round "2"]
[White "Mateuchess"]
[Black "ramonramon2006"]
[Result "1-0"]
[ICCResult "Black checkmated"]
[WhiteElo "1408"]
[BlackElo "1253"]
[Opening "Giuoco Pianissimo: Italian four knights variation"]
[ECO "C50"]
[NIC "IG.02"]
[Time "13:20:01"]
[TimeControl "300+3"]

1. e4 e5 2. Nf3 Nc6 3. Bc4 Bc5 4. d3 Nf6 5. Nc3 O-O 6. O-O d6 7. Bg5 h6 8.
Bh4 Bg4 9. h3 Bh5 10. Nd5 g5 11. Bg3 Nxd5 12. Bxd5 Nd4 13. Bxb7 Rb8 14. Bd5
Nxf3+ 15. gxf3 Rxb2 16. Bb3 Bd4 17. Kg2 Rxb3 18. axb3 Bxa1 19. Qxa1 Qf6 20.
Qxa7 Qxf3+ 21. Kg1 c5 22. Qd7 Qf6 23. c3 Rd8 24. Qc7 Be2 25. Re1 Bxd3 26. b4
cxb4 27. cxb4 Re8 28. Kg2 Qe7 29. Qc3 Ba6 30. Rb1 Rc8 31. Qa3 Bd3 32. Qxd3
Qb7 33. b5 Rb8 34. h4 f6 35. hxg5 hxg5 36. Kf3 Kf7 37. Kg4 Ke6 38. Qf3 Qd7
39. Qf5+ Ke7 40. Qxd7+ Kxd7 41. Kf5 Ke7 42. b6 Rb7 43. f3 Kf7 44. Bf2 Ke7
45. Rc1 Kd7 46. Kxf6 g4 47. fxg4 d5 48. exd5 Kd6 49. g5 Kxd5 50. Rc7 Rxc7
51. bxc7 e4 52. c8=Q e3 53. Bxe3 Kd6 54. Bf4+ Kd5 55. Qd7+ Kc5 56. g6 Kc4
57. g7 Kc5 58. g8=Q Kb6 59. Qgd5 Ka6 60. Q5b5# {Black checkmated} 1-0

[Event "EDAMI"]
[Site "Internet Chess Club"]
[Date "2020.03.28"]
[Round "3"]
[White "MIQUELSOLEGRAUS"]
[Black "BlackHole137"]
[Result "0-1"]
[ICCResult "White checkmated"]
[WhiteElo "1051"]
[BlackElo "1217"]
[Opening "Bishop's opening"]
[ECO "C23"]
[NIC "IG.04"]
[Time "13:37:31"]
[TimeControl "300+3"]

1. e4 e5 2. Bc4 d6 3. Qh5 g6 4. Qxe5+ dxe5 5. Bb5+ Bd7 6. Nf3 f6 7. O-O Bxb5
8. d3 Nc6 9. Re1 Nd4 10. Nxd4 Qxd4 11. c3 Qxd3 12. Rf1 Qxf1# {White
checkmated} 0-1

[Event "EDAMI"]
[Site "Internet Chess Club"]
[Date "2020.03.28"]
[Round "3"]
[White "GRVLHPK"]
[Black "Torre027"]
[Result "0-1"]
[ICCResult "White checkmated"]
[WhiteElo "1093"]
[BlackElo "1320"]
[Opening "Four knights: Ranken variation"]
[ECO "C48"]
[NIC "KP.03"]
[Time "13:37:51"]
[TimeControl "300+3"]

1. e4 e5 2. Nf3 Nc6 3. Nc3 Nf6 4. Bb5 a6 5. Bxc6 dxc6 6. Nxe5 Bd6 7. Nf3 O-O
8. O-O Ng4 9. h3 Nh6 10. Ng5 Qxg5 11. d3 Qe5 12. Be3 Qh2# {White checkmated}
0-1

[Event "EDAMI"]
[Site "Internet Chess Club"]
[Date "2020.03.28"]
[Round "3"]
[White "semaqui08"]
[Black "JotaAlvarez"]
[Result "1-0"]
[ICCResult "Black resigns"]
[WhiteElo "1456"]
[BlackElo "1380"]
[Opening "King's Indian: London system"]
[ECO "A45"]
[NIC "QP.03"]
[Time "13:37:43"]
[TimeControl "300+3"]

1. d4 Nf6 2. Bf4 g6 3. Nf3 Bg7 4. Nbd2 d6 5. e4 Nbd7 6. Bd3 O-O 7. O-O Nh5
8. Be3 e5 9. d5 Nc5 10. Nc4 Nf6 11. Bxc5 dxc5 12. Ncxe5 Re8 13. Re1 Ng4 14.
Nxg4 Bxg4 15. h3 Bxf3 16. Qxf3 Bxb2 17. Rab1 Bc3 18. Red1 b6 19. Bb5 Re5 20.
Qxc3 Rxe4 21. d6 cxd6 22. Bc6 {Black resigns} 1-0

[Event "EDAMI"]
[Site "Internet Chess Club"]
[Date "2020.03.28"]
[Round "3"]
[White "Marc12"]
[Black "NoaEscacs"]
[Result "1-0"]
[ICCResult "Black checkmated"]
[WhiteElo "1295"]
[BlackElo "1363"]
[Opening "Two knights defense (Modern bishop's opening)"]
[ECO "C55"]
[NIC "IG.01"]
[Time "13:37:29"]
[TimeControl "300+3"]

1. e4 e5 2. Nf3 Nc6 3. Bc4 Nf6 4. d3 Bb4+ 5. c3 Bc5 6. Be3 Bxe3 7. fxe3 O-O
8. Nbd2 d5 9. exd5 Nxd5 10. d4 Nxe3 11. Qe2 Nc2+ 12. Kd1 Nxa1 13. Bd3 exd4
14. Qe4 Re8 15. Qxh7+ Kf8 16. Qh8+ Ke7 17. Re1+ Kd7 18. Qh3+ Kd6 19. Nc4+
Kc5 20. b4+ Kd5 21. Qh5+ f5 22. Qf7+ Be6 23. Rxe6 Rxe6 24. Qxf5+ Ne5 25.
Qe4# {Black checkmated} 1-0

[Event "EDAMI"]
[Site "Internet Chess Club"]
[Date "2020.03.28"]
[Round "3"]
[White "AnithingElse"]
[Black "FERNANDOA9"]
[Result "1-0"]
[ICCResult "Black checkmated"]
[WhiteElo "1455"]
[BlackElo "1191"]
[Opening "Scotch: Schmidt variation"]
[ECO "C45"]
[NIC "SO.04"]
[Time "13:38:55"]
[TimeControl "300+3"]

1. e4 e5 2. Nf3 Nc6 3. d4 exd4 4. Nxd4 Nf6 5. Nc3 Bd6 6. Bg5 Kf8 7. Nf5 Rg8
8. Bc4 Qe8 9. Bxf6 gxf6 10. O-O Qe5 11. Nxd6 cxd6 12. f4 Qc5+ 13. Kh1 Qxc4
14. Qxd6+ Ke8 15. Nd5 Qxe4 16. Nxf6+ Kd8 17. Nxe4 Rg6 18. Qf8+ Kc7 19. Rfd1
h6 20. b4 Nxb4 21. Qxb4 d6 22. Qc4+ Kb8 23. Rab1 Be6 24. Qc6 Rg8 25. Qxb7#
{Black checkmated}
1-0

[Event "EDAMI"]
[Site "Internet Chess Club"]
[Date "2020.03.28"]
[Round "3"]
[White "didi08"]
[Black "JORGEVALLES"]
[Result "1/2-1/2"]
[ICCResult "Game drawn by mutual agreement"]
[WhiteElo "1306"]
[BlackElo "994"]
[Opening "King's knight opening"]
[ECO "C40"]
[NIC "KP.10"]
[Time "13:38:01"]
[TimeControl "300+3"]

1. e4 e5 2. Nf3 Nh6 3. Nc3 Bc5 4. d4 Bxd4 5. Nxd4 exd4 6. Qxd4 O-O 7. Bc4 d6
8. O-O Nc6 9. Qd3 Be6 10. Bxh6 gxh6 11. Bxe6 fxe6 12. Rae1 a6 13. Re3 Qf6
14. Rf3 Qh4 15. Rg3+ Kh8 16. f3 Ne5 17. Qe3 Nc4 18. Qd4+ e5 19. Qxc4 Rac8
{Game drawn by mutual agreement}
1/2-1/2

[Event "EDAMI"]
[Site "Internet Chess Club"]
[Date "2020.03.28"]
[Round "3"]
[White "Alberto555"]
[Black "leochicano"]
[Result "1-0"]
[ICCResult "Black checkmated"]
[WhiteElo "1361"]
[BlackElo "1117"]
[Opening "Caro-Kann defense"]
[ECO "B12"]
[NIC "CK.01"]
[Time "13:37:39"]
[TimeControl "300+3"]

1. e4 c6 2. d4 Qb6 3. c3 Nf6 4. Bd3 c5 5. Nf3 cxd4 6. cxd4 d5 7. e5 Ng4 8.
O-O f6 9. Nc3 fxe5 10. dxe5 d4 11. Nd5 Qc5 12. Be4 Nxe5 13. Nxe5 e6 14. Nd3
exd5 15. Nxc5 dxe4 16. Nxe4 Bf5 17. Qxd4 Nc6 18. Nd6+ Bxd6 19. Qxd6 Be4 20.
Re1 Kf7 21. Rxe4 g5 22. Qe6+ Kg7 23. Bxg5 a6 24. Bh6# {Black checkmated} 1-0

[Event "EDAMI"]
[Site "Internet Chess Club"]
[Date "2020.03.28"]
[Round "3"]
[White "Poleras123"]
[Black "Onayague"]
[Result "1-0"]
[ICCResult "Black checkmated"]
[WhiteElo "1227"]
[BlackElo "1150"]
[Opening "Scandinavian (center counter) defense"]
[ECO "B01"]
[NIC "VO.17"]
[Time "13:37:38"]
[TimeControl "300+3"]

1. e4 d5 2. Nc3 dxe4 3. Nxe4 Bf5 4. d3 Nc6 5. Ng3 Qd4 6. Nxf5 Qe5+ 7. Ne3
O-O-O 8. Bd2 Qxb2 9. Be2 e6 10. Nf3 Bb4 11. Bxb4 Qxb4+ 12. Qd2 Qb2 13. Qd1
Qb4+ 14. Nd2 Nd4 15. O-O Nf6 16. Rb1 Qa5 17. Re1 Rd6 18. Nb3 Qb5 19. Nxd4
Qe5 20. Rb2 Qxd4 21. Qb1 Qh4 22. Rxb7 Kd7 23. Rxa7 Rd4 24. Qb7 Kd6 25. Qxc7#
{Black checkmated}
1-0

[Event "EDAMI"]
[Site "Internet Chess Club"]
[Date "2020.03.28"]
[Round "3"]
[White "ramonramon2006"]
[Black "Jultxan"]
[Result "1-0"]
[ICCResult "Black checkmated"]
[WhiteElo "1255"]
[BlackElo "1107"]
[Opening "English: four knights, kingside fianchetto"]
[ECO "A29"]
[NIC "EO.04"]
[Time "13:37:53"]
[TimeControl "300+3"]

1. c4 e5 2. Nf3 Nc6 3. Nc3 Nf6 4. g3 Bb4 5. a3 Bxc3 6. bxc3 e4 7. Nd4 Nxd4
8. cxd4 d6 9. d3 c5 10. dxe4 cxd4 11. Qxd4 a6 12. e5 Nh5 13. exd6 f5 14. Bg2
Nf6 15. Bg5 h6 16. Bxf6 gxf6 17. O-O Rg8 18. Rad1 Rg7 19. c5 b6 20. c6 Bd7
21. cxd7+ Rxd7 22. Bxa8 Qxa8 23. Qxf6 Qd8 24. Qh8+ Kf7 25. Qxd8 Rxd8 26. Rd5
Kf8 27. d7 Ke7 28. Rfd1 Ke6 29. R1d2 b5 30. Kf1 a5 31. Ke1 b4 32. Kd1 bxa3
33. Kc2 a2 34. Kb2 a1=Q+ 35. Kxa1 a4 36. Ka2 h5 37. Ka3 f4 38. Kxa4 fxg3 39.
hxg3 h4 40. gxh4 Kf6 41. Kb5 Kg6 42. Kc6 Rf8 43. d8=Q Rxd8 44. Rxd8 Kh5 45.
Rg8 Kxh4 46. Rd7 Kh3 47. Rh7# {Black checkmated} 1-0

[Event "EDAMI"]
[Site "Internet Chess Club"]
[Date "2020.03.28"]
[Round "3"]
[White "Adrisam"]
[Black "liveisgood"]
[Result "1-0"]
[ICCResult "Black checkmated"]
[WhiteElo "1239"]
[BlackElo "1178"]
[Opening "Réti opening"]
[ECO "A04"]
[NIC "QP.11"]
[Time "13:37:50"]
[TimeControl "300+3"]

1. Nf3 e5 2. Nxe5 f6 3. Nf3 Nc6 4. g3 Bc5 5. Bg2 d5 6. O-O Nh6 7. d3 O-O 8.
Nc3 Bf5 9. Bf4 Qe8 10. Nb5 Rc8 11. Qd2 Rd8 12. Bxc7 Rd7 13. Bf4 Ng4 14. Qc3
Bxf2+ 15. Kh1 Qxe2 16. Nbd4 Qe8 17. Nxf5 Re7 18. Ng5 Re3 19. Nxe3 fxg5 20.
Bxg5 Qxe3 21. Bxe3 Bxe3 22. Rxf8+ Kxf8 23. Rf1+ Kg8 24. Bxd5+ Kh8 25. Rf8#
{Black checkmated}
1-0

[Event "EDAMI"]
[Site "Internet Chess Club"]
[Date "2020.03.28"]
[Round "3"]
[White "MiquelGil"]
[Black "JordiPro"]
[Result "1-0"]
[ICCResult "Black checkmated"]
[WhiteElo "1010"]
[BlackElo "1047"]
[Opening "Réti opening"]
[ECO "A05"]
[NIC "QP.11"]
[Time "13:37:47"]
[TimeControl "300+3"]

1. Nf3 Nf6 2. Nc3 Nc6 3. e4 g6 4. d4 Bg7 5. Bc4 O-O 6. Bf4 Ng4 7. Qd3 Nb4 8.
Qd2 c6 9. O-O h5 10. h3 Nf6 11. a3 Nxc2 12. Qxc2 a5 13. Qa4 Qe8 14. e5 Nh7
15. Bb3 Qd8 16. Qc4 b5 17. Qd3 Ba6 18. Bc2 f5 19. Nh4 Kh8 20. g4 g5 21. gxf5
gxh4 22. f6 Bxf6 23. Qxh7# {Black checkmated} 1-0

[Event "EDAMI"]
[Site "Internet Chess Club"]
[Date "2020.03.28"]
[Round "3"]
[White "CHANTAL10"]
[Black "pgranadap"]
[Result "0-1"]
[ICCResult "White checkmated"]
[WhiteElo "1293"]
[BlackElo "1429"]
[Opening "KP: Indian opening"]
[ECO "C20"]
[NIC "KP.10"]
[Time "13:37:37"]
[TimeControl "300+3"]

1. e4 e5 2. d3 Nf6 3. Nf3 Nc6 4. Nc3 d5 5. Bg5 dxe4 6. dxe4 Be7 7. Bd3 O-O
8. O-O Nd7 9. Bxe7 Qxe7 10. b3 a6 11. Na4 Nc5 12. Nxc5 Qxc5 13. Nh4 Nd4 14.
Qg4 Bxg4 15. h3 Be2 16. Bxe2 Nxe2+ 17. Kh2 c6 18. Rae1 Qxc2 19. Nf5 Qxe4 20.
Ng3 Qf4 21. Rxe2 Rfd8 22. Rc1 Rd2 23. Rxd2 Qxd2 24. Rc4 Qxf2 25. Re4 f6 26.
Re2 Qd4 27. Nf5 Qf4+ 28. Ng3 Rd8 29. a4 Rd2 30. Re1 Rd3 31. Rf1 Qxg3+ 32.
Kg1 Rd2 33. Rf2 Rxf2 34. b4 Qxg2# {White checkmated} 0-1

[Event "EDAMI"]
[Site "Internet Chess Club"]
[Date "2020.03.28"]
[Round "3"]
[White "LucasCh"]
[Black "paugallego"]
[Result "0-1"]
[ICCResult "White checkmated"]
[WhiteElo "1110"]
[BlackElo "1338"]
[Opening "Giuoco Piano: four knights variation"]
[ECO "C55"]
[NIC "IG.01"]
[Time "13:37:37"]
[TimeControl "300+3"]

1. e4 e5 2. Nf3 Nc6 3. Bc4 Nf6 4. Nc3 Bc5 5. O-O d6 6. d4 exd4 7. Na4 O-O 8.
Nxc5 dxc5 9. Bg5 Bg4 10. h3 Bh5 11. g4 Bg6 12. e5 h6 13. Bf4 Nd5 14. b3 Nxf4
15. Qd2 Nxh3+ 16. Kg2 Ng5 17. Nxg5 Qxg5 18. Qxg5 hxg5 19. Rfe1 Bxc2 20. Re2
Bg6 21. a4 Rfe8 22. Bxf7+ Bxf7 23. e6 Rxe6 24. Rc2 b6 25. a5 Nb4 26. Rcc1
Re2 27. Kf1 Re4 28. Rc4 Bxc4+ 29. Kg2 Bxb3 30. Rh1 Rxg4+ 31. Kf3 Rf4+ 32.
Kg3 Raf8 33. axb6 cxb6 34. Rh3 Rf3+ 35. Kh2 Rxh3+ 36. Kxh3 a5 37. Kh2 a4 38.
Kh3 a3 39. Kh2 a2 40. Kh3 a1=Q 41. Kg4 Qg1+ 42. Kh5 Qh2+ 43. Kxg5 Rxf2 44.
Kg6 Qg2+ 45. Kh5 Rf1 46. Kh4 Rh1# {White checkmated} 0-1

[Event "EDAMI"]
[Site "Internet Chess Club"]
[Date "2020.03.28"]
[Round "3"]
[White "Dylan2008"]
[Black "David2020"]
[Result "0-1"]
[ICCResult "White checkmated"]
[WhiteElo "1392"]
[BlackElo "1352"]
[Opening "Sicilian"]
[ECO "B50"]
[NIC "SI.01"]
[Time "13:37:41"]
[TimeControl "300+3"]

1. e4 c5 2. Nf3 d6 3. Nc3 Nc6 4. Bc4 e6 5. d3 Na5 6. Bb5+ Bd7 7. Bxd7+ Qxd7
8. Be3 g6 9. Qd2 Nc6 10. a3 Bg7 11. O-O-O Nge7 12. Rde1 O-O 13. g4 Ne5 14.
Nxe5 Bxe5 15. Bh6 Bg7 16. h4 b5 17. h5 b4 18. axb4 cxb4 19. Nb1 a5 20. hxg6
fxg6 21. Bg5 Rac8 22. Kd1 Nc6 23. c3 Qc7 24. Reg1 Ne5 25. d4 Nf3 26. Qe3
Nxg1 27. Rxg1 bxc3 28. bxc3 Qc4 29. f3 Qb3+ 30. Ke2 Qb2+ 31. Nd2 Rxc3 32.
Qf2 Rc2 33. Rd1 Bxd4 34. Qe1 Qb5# {White checkmated} 0-1